 Dungeon Crawl Stone Soup version 0.25-a0-413-g3b4b6a4ccc (webtiles) character file.

Game seed: 9543077356716270144, levelgen mode: deterministic

37 Ender the Insei (level 3, -3/28 HPs)
             Began as a Demigod Transmuter on Jan 16, 2020.
             Slain by Terence
             ... wielding a +0 flail
              (4 damage)
             ... on level 1 of the Dungeon.
             The game lasted 00:23:05 (1060 turns).

Ender the Insei (Demigod Transmuter)                Turns: 1060, Time: 00:23:06

Health: -3/28      AC:  5    Str: 15    XL:     3   Next: 7%
Magic:  7/8        EV: 11    Int: 17    God:
Gold:   70         SH:  0    Dex: 16    Spells: 3/6 levels left

rFire    . . .     SeeInvis .   i - +0 dagger (speed)
rCold    . . .     Gourm    .   (no shield)
rNeg     . . .     Faith    .   h - +0 ring mail
rPois    .         Spirit   .   (no helmet)
rElec    .         Reflect  .   (no cloak)
rCorr    .         Harm     .   (no gloves)
MR       .....                  (boots currently unavailable)
Stlth    +.........             (no amulet)
HPRegen  0.09/turn              (no ring)
MPRegen  0.11/turn              (no ring)

@: appendage
A: talons 3, high mp 1
a: End Transformation


You were on level 1 of the Dungeon.
You were not hungry.
You had grown temporary talons.
You visited 1 branch of the dungeon, and saw 2 of its levels.

You collected 70 gold pieces.

Inventory:

Hand Weapons
 c - a +0 whip
 f - a +0 dagger
 i - a +0 dagger of speed (weapon)
 o - a +0 hunting sling
Missiles
 a - 10 arrows
 p - 56 stones (quivered)
Armour
 b - a +0 robe
 h - a +0 ring mail (worn)
 l - a +0 centaur barding
Scrolls
 j - a scroll of immolation {unknown}
 r - a scroll of identify {unknown}
Potions
 e - 2 potions of agility {unknown}
 g - a potion of haste {unknown}
 k - a potion of ambrosia {unknown}
 m - 2 potions of berserk rage {unknown}
 n - a potion of heal wounds {unknown}
 q - 2 potions of curing {unknown}
Comestibles
 d - 2 rations


   Skills:
 - Level 1.2 Fighting
 * Level 0.6 Short Blades
 + Level 0.3 Armour
 + Level 2.1 Dodging
 + Level 3.1 Unarmed Combat
 + Level 2.0 Spellcasting
 * Level 2.0 Transmutations


You had 3 spell levels left.
You knew the following spells:

 Your Spells              Type           Power        Failure   Level  Hunger
a - Beastly Appendage     Tmut           #.....       17%         1    #......
b - Sticks to Snakes      Tmut           #.......     26%         2    ###....

Your spell library contained the following spells:

 Spells                   Type           Power        Failure   Level  Hunger
 Spider Form              Tmut/Pois      #.........   58%         3    ###....
 Ice Form                 Ice/Tmut       #.......     94%         4    #####..
 Blade Hands              Tmut           #.........   99%         5    ######.


Dungeon Overview and Level Annotations

Branches:
Dungeon (2/15)

Annotations:
D:1 Terence
D:2 Sigmund


Innate Abilities, Weirdness & Mutations

You have an increased reservoir of magic. (+10% MP)
You have claws for feet.


Message History

* * * LOW HITPOINT WARNING * * *
You climb upwards.
Reactivating autopickup.
There is a stone staircase leading down here.
You hit Terence.
Terence is moderately wounded.
You barely miss Terence.
Terence is moderately wounded.
Terence barely misses you.
You hit Terence but do no damage.
Terence is moderately wounded.
Your ring mail prevents you from hitting Terence.
Terence is moderately wounded.
Terence hits you with a +0 flail.
* * * LOW HITPOINT WARNING * * *
Unknown command.
Casting: Beastly Appendage (safe; 17% risk of failure)
Confirm with . or Enter, or press ? or * to list all spells.
Your feet morph into talons.
Terence hits you with a +0 flail.
You die...

####### #.....#
#.....#####
#....@....##########
#....@###......##..#
#.....#
######.###.###
#.....# #.......#
####### #####....
#รท#.. #.#..
########### #..##
#.........# ##..#


You could see Terence.

Vanquished Creatures
  2 dart slugs (D:1)
  4 bats
  6 hobgoblins (D:1)
  2 jackals (D:1)
  9 kobolds
  2 frilled lizards (D:1)
  4 goblins (D:1)
  2 rats
31 creatures vanquished.

Notes
Turn   | Place    | Note
-------+----------+-------------------------------------------
     0 | D:1      | Ender the Demigod Transmuter began the quest for the Orb.
     0 | D:1      | Reached XP level 1. HP: 15/15 MP: 5/5
    81 | D:1      | Reached skill level 3 in Unarmed Combat
    97 | D:1      | Reached skill level 1 in Fighting
   117 | D:1      | Reached XP level 2. HP: 19/23 MP: 7/7
   661 | D:1      | Reached XP level 3. HP: 17/28 MP: 8/8
   859 | D:1      | Learned a level 2 spell: Sticks to Snakes
   989 | D:2      | Noticed Terence
   989 | D:2      | Noticed Sigmund
  1059 | D:1      | HP: 1/28 [Terence/+0 flail (5)]
  1060 | D:1      | Slain by Terence

Levels and vault maps discovered:
D:1:      dpeg_arrival_chambers_temple_mockup, layout_rooms
D:2:      layout_basic, overflow_temple_1_default, lemuel_crystal_altar,
          lemuel_round_altar, minmay_snake_closets, uniq_sigmund, uniq_terence

Skill      XL: |  1  2 |
---------------+-------+-----
Unarmed Combat | 3 |  3.1
Fighting       | 1 |  1.2
Dodging        | 2 |  2.1
Spellcasting   | 2 |  2.0
Transmutations | 2 |  2.0
Short Blades   | |  0.6
Armour         | |  0.3

Action                   || total
-------------------------++-------
Melee: Dagger            ||   127
       Whip              ||     8
       Headbutt          ||    13
       Unarmed           ||     1
       Kick              ||     3
       Punch             ||     1
 Fire: Hunting sling     ||     3
 Cast: Beastly Appendage ||    15
       Sticks to Snakes  ||     1
  Eat: Ration            ||     1
Armor: Ring mail         ||    35
Dodge: Dodged            ||    50

Table legend:
 A = Non-vault XP
 B = Vault XP
 C = Vault XP percentage of total XP
 D = Non-vault monster count
 E = Vault monster count
 F = Vault count percentage of total count
                 A         B        C        D         E       F
            +---------+---------+-------+---------+---------+-------
      Total |      53 |       0 |   0.0 |      31 |       0 |   0.0
            +---------+---------+-------+---------+---------+-------
        D:1 |      50 |       0 |   0.0 |      28 |       0 |   0.0
        D:2 |       3 |       0 |   0.0 |       3 |       0 |   0.0
            +---------+---------+-------+---------+---------+-------
